 Dungeon Crawl Stone Soup version 0.25-a0-597-gb30770a0c0 (webtiles) character file.

Game seed: 18263619898987696595, levelgen mode: deterministic

52 Kohma the Digger (level 3, -1/19 HPs)
             Began as a Gargoyle Earth Elementalist on Mar 15, 2020.
             Slain by an iguana (9 damage)
             ... on level 4 of the Dungeon.
             The game lasted 00:03:47 (1673 turns).

Kohma the Digger (Gargoyle Earth Elementalist)      Turns: 1673, Time: 00:03:47

Health: -1/19      AC:  6    Str: 11    XL:     3   Next: 85%
Magic:  1/7        EV: 12    Int: 16    God:
Gold:   104        SH:  0    Dex: 10    Spells: 1/7 levels left

rFire    . . .     SeeInvis .   k - +1 short sword (venom)
rCold    . . .     Gourm    .   (no shield)
rNeg     + . .     Faith    .   c - +1 robe
rPois    ∞         Spirit   .   (no helmet)
rElec    +         Reflect  .   (no cloak)
rCorr    .         Harm     .   (no gloves)
MR       .....                  (no boots)
Stlth    ++........             (no amulet)
HPRegen  0.06/turn              (no ring)
MPRegen  0.10/turn              (no ring)

@: no status effects
A: negative energy resistance 1, electricity resistance, unbreathing,
petrification resistance, rot immunity, AC +3
a: no special abilities


You were on level 4 of the Dungeon.
You were not hungry.

You visited 1 branch of the dungeon, and saw 3 of its levels.

You collected 104 gold pieces.

Inventory:

Hand Weapons
 k - a +1 short sword of venom (weapon)
 l - a +2 dagger of protection
Missiles
 b - 42 stones (quivered)
Armour
 c - a +1 robe (worn)
Scrolls
 h - a scroll of fear
Potions
 a - a potion of lignification {unknown}
 e - a potion of curing {unknown}
 f - a potion of resistance {unknown}
 j - 2 potions of stabbing
Comestibles
 d - 2 rations


   Skills:
 - Level 1.5 Dodging
 - Level 2.1 Stealth
 + Level 2.6 Spellcasting
 - Level 0.7 Transmutations
 * Level 5.0 Earth Magic


You had one spell level left.
You knew the following spells:

 Your Spells              Type           Power        Failure   Level  Hunger
a - Sandblast             Erth           ###...       2%          1    #......
b - Passwall              Tmut/Erth      ##......     9%          2    ##.....
c - Stone Arrow           Conj/Erth      ##....       21%         3    ###....

Your spell library contained the following spells:

 Spells                   Type           Power        Failure   Level  Hunger
 Petrify                  Tmut/Erth      ##......     52%         4    #####..
 Lee's Rapid Deconstruct  Erth           ###.......   54%         5    ######.


Dungeon Overview and Level Annotations

Branches:
Dungeon (2/15)

Altars:
Hepliaklqana


Innate Abilities, Weirdness & Mutations

You are resistant to torment.
Your stone body is resilient. (AC +3)
You are immune to poison.
You resist negative energy. (rN+)
You are resistant to electric shocks. (rElec)
You can survive without breathing.
You are immune to petrification.
You are immune to rotting.


Message History

Casting: Sandblast (safe; 2% risk of failure)
Confirm with . or Enter, or press ? or * to list all spells.
Aiming: Sandblast (safe; 2% risk of failure)
Press: ? - help, Shift-Dir - straight line, f/p - iguana
Aim: an iguana (heavily wounded)
The blast of sand hits the iguana.
The iguana is severely wounded.
b - 42 stones The giant cockroach bites you but does no damage.
The iguana bites you but does no damage.
You hit the iguana but do no damage.
The iguana is poisoned.
The iguana is severely wounded.
The giant cockroach misses you. The iguana bites you.
The giant cockroach bites you but does no damage.
You hit the giant cockroach.
You kill the giant cockroach!
You hit the iguana but do no damage.
The iguana looks even sicker.
The iguana is almost dead.
The iguana bites you!
You die...

#.#.#########
..#.........##.......#
###########.##.(.....#
#.##.......#
#.##.......#
#.##.......#
#.##.......#
#.##.......#
#.....@l...#
########(### #.......#
.........## ..#.####.#
# #.# ... .... .....


You could see an iguana.

Vanquished Creatures
  A gnoll (D:1)
  An adder (D:4)
  2 leopard geckos
  A ball python (D:1)
  A giant cockroach (D:4)
  5 goblins
  3 hobgoblins (D:1)
  6 bats (D:1)
  A frilled lizard (D:2)
  4 kobolds (D:1)
  6 rats
31 creatures vanquished.

Notes
Turn   | Place    | Note
-------+----------+-------------------------------------------
     0 | D:1      | Kohma the Gargoyle Earth Elementalist began the quest for
                  | the Orb.
     0 | D:1      | Reached XP level 1. HP: 10/10 MP: 3/3
   254 | D:1      | Reached skill level 4 in Earth Magic
   289 | D:1      | Reached XP level 2. HP: 13/15 MP: 5/5
   678 | D:1      | Reached XP level 3. HP: 19/19 MP: 4/6
  1522 | D:2      | Found a hazy altar of Hepliaklqana.
  1576 | D:2      | You fall into a shaft and drop 2 floors!
  1583 | D:4      | Learned a level 2 spell: Passwall
  1587 | D:4      | Learned a level 3 spell: Stone Arrow
  1663 | D:4      | Reached skill level 5 in Earth Magic
  1673 | D:4      | Slain by an iguana

Levels and vault maps discovered:
D:1:      heliophobic_arrival_battle_scene, layout_basic
D:2:      layout_basic, lemuel_doored_altar
D:4:      layout_basic, kennysheep_slug_shrine, bloody_makhleb, serial_shops,
          shop, uniq_duvessa, uniq_crazy_yiuf_cottage, uniq_sigmund, uniq_ijyb

Skill      XL: |  1  2  3 |
---------------+----------+-----
Earth Magic    | 4 5 |  5.0
Dodging        | |  1.5
Stealth        | |  2.1
Spellcasting   | |  2.6
Transmutations | |  0.7

Action                   || total
-------------------------++-------
Melee: Unarmed           ||    47
       Short sword       ||    28
 Cast: Sandblast         ||    27
  Use: Scroll            ||     7
 Stab: Sleeping          ||     2
  Eat: Chunk             ||     3
Armor: Robe              ||    44
Dodge: Dodged            ||    73

Table legend:
 A = Non-vault XP
 B = Vault XP
 C = Vault XP percentage of total XP
 D = Non-vault monster count
 E = Vault monster count
 F = Vault count percentage of total count
                 A         B        C        D         E       F
            +---------+---------+-------+---------+---------+-------
      Total |      75 |       0 |   0.0 |      31 |       0 |   0.0
            +---------+---------+-------+---------+---------+-------
        D:1 |      53 |       0 |   0.0 |      25 |       0 |   0.0
        D:2 |       7 |       0 |   0.0 |       4 |       0 |   0.0
        D:4 |      15 |       0 |   0.0 |       2 |       0 |   0.0
            +---------+---------+-------+---------+---------+-------
